AoeStats
← Avatar

Fortress

508862648Analyzed
4v4 RM · 7d ago on Sep 24, 2026· 45m 36s· 8 players
Game mode
Random Map
Map size
Huge
Population
200
Speed
Normal
Resources
Standard
Victory
Conquest
Starting age
Dark Age
Ending age
Imperial Age
RankedLock teamsTeams togetherTeam positionsShared explorationLock speedFull tech treeHidden civsTurbo modeCheats
Victory
Defeat
🇩🇪 Saxons · Germany
664
+10
🇮🇪 Danes · Ireland
644
+11
🇫🇷 Persians · France
621
+12
608
+12
🇮🇳 Spanish · India
569
-12
🇨🇿 Teutons · Czechia
561
-12
🇺🇸 Goths · United States
539
-12
🇨🇭 Gurjaras · Switzerland
457
-9
sandeepkumarsdsl
11:42 Feudal Age
17:36 Double-Bit Axe
24:16 Castle Age
23:01 Horse Collar
23:15 Gold Mining
23:21 Stone Mining
25:36 Caravan
27:26 Stone Shaft Mining
27:15 Forging
27:05 Scale Mail Armor
27:25 Bow Saw
30:10 Imperial Age
33:19 Elite Teutonic Knight
37:59 Fortified Wall
38:00 Masonry
38:51 Chemistry
41:14 Two-Man Saw
40:18 Heavy Plow
41:05 Iron Casting
40:35 Scale Barding Armor
40:46 Chain Mail Armor
Ajghoimer
1:37 Loom
13:29 Feudal Age
16:27 Horse Collar
16:35 Double-Bit Axe
16:46 Gold Mining
16:49 Stone Mining
19:16 Wheelbarrow
20:14 Man-at-Arms
20:40 Arson
22:21 Bloodlines
24:16 Castle Age
33:23 Imperial Age
31:10 Hand Cart
32:30 Caravan
34:13 Fortified Wall
34:24 Ballistics
35:06 Chemistry
34:13 Husbandry
33:34 Cavalier
38:56 Bombard Tower
39:25 Paladin
42:14 Paladin
Avatar
11:02 Feudal Age
11:33 Double-Bit Axe
11:30 Horse Collar
12:31 Wheelbarrow
11:42 Town Watch
11:44 Loom
16:16 Castle Age
14:08 Loom
14:35 Stone Mining
14:38 Gold Mining
17:34 Hand Cart
17:20 Town Patrol
17:33 Bow Saw
23:05 Heavy Plow
23:44 Gold Shaft Mining
34:07 Imperial Age
33:02 Kshatriyas
33:01 Padded Archer Armor
35:31 Crop Rotation
34:43 Elite Chakram Thrower
Quintus
9:05 Feudal Age
13:46 Wheelbarrow
17:52 Castle Age
18:02 Double-Bit Axe
18:12 Horse Collar
18:26 Gold Mining
18:37 Crossbowman
23:32 Bow Saw
23:52 Stone Mining
24:25 Anarchy
24:55 Hand Cart
27:54 Loom
27:55 Town Watch
35:21 Imperial Age
35:53 Elite Skirmisher
44:31 Pikeman
All Along the Watchtower
0:31 Loom
8:10 Feudal Age
9:48 Wheelbarrow
9:03 Double-Bit Axe
12:07 Horse Collar
15:58 Gold Mining
16:00 Stone Mining
20:04 Castle Age
21:00 Hand Cart
20:59 Bow Saw
20:51 Heavy Plow
21:45 Corvinian Army
23:15 Gold Shaft Mining
25:48 Caravan
34:02 Imperial Age
33:10 Pikeman
33:36 Arson
33:14 Elite Skirmisher
34:06 Scale Mail Armor
34:11 Scale Barding Armor
36:08 Two-Man Saw
35:17 Devotion
36:21 Crop Rotation
36:59 Halberdier
41:43 Elite Magyar Huszar
42:24 Recurve Bow
42:44 Conscription
43:02 Hoardings
42:53 Ballistics
43:33 Chemistry
42:56 Chain Mail Armor
43:13 Crossbowman
44:20 Chain Barding Armor
43:51 Fletching
44:01 Padded Archer Armor
45:43 Plate Barding Armor
45:07 Murder Holes
AvaCz
0:49 Loom
1:18 Loom
6:46 Feudal Age
7:15 Double-Bit Axe
9:21 Wheelbarrow
8:29 Horse Collar
11:24 Forging
11:15 Scale Mail Armor
11:10 Gold Mining
11:03 Man-at-Arms
11:33 Arson
17:50 Castle Age
18:45 Hand Cart
18:27 Gambesons
20:13 Iron Casting
20:48 Chain Mail Armor
21:25 Long Swordsman
22:06 Squires
26:20 Stone Mining
27:06 Gold Shaft Mining
29:19 Fletching
32:21 Bodkin Arrow
35:55 Imperial Age
36:02 Imperial Age
34:19 Stone Shaft Mining
34:45 Heavy Plow
35:03 Hamask
36:22 Bow Saw
37:46 Blast Furnace
37:17 Plate Mail Armor
36:10 Two-Handed Swordsman
37:38 Conscription
37:47 Conscription
37:32 Bracer
38:38 Siege Engineers
37:58 Champion
39:23 Onager
41:11 Ballistics
42:29 Chemistry
41:36 Siege Engineers
43:03 Chemistry
42:52 Northmen's Fury
Longbowhemian Rhapsody
2:34 Loom
8:15 Feudal Age
8:38 Double-Bit Axe
8:36 Horse Collar
9:27 Man-at-Arms
13:10 Stone Mining
17:05 Castle Age
16:29 Wheelbarrow
18:14 Heavy Plow
23:18 Kamandaran
23:55 Caravan
27:21 Hand Cart
26:42 Crossbowman
27:42 Fletching
27:53 Padded Archer Armor
29:04 Bow Saw
32:13 Imperial Age
29:43 Bodkin Arrow
30:04 Leather Archer Armor
30:00 Forging
31:13 Stone Shaft Mining
30:29 Gold Mining
32:09 Ballistics
32:41 Thumb Ring
33:17 Iron Casting
33:24 Conscription
33:59 Gold Shaft Mining
34:39 Chemistry
34:14 Elite War Elephant
42:25 Ring Archer Armor
42:55 Blast Furnace
42:01 Scale Barding Armor
41:57 Scale Mail Armor
Kai871
1:22 Loom
8:08 Feudal Age
16:15 Castle Age
16:01 Double-Bit Axe
16:14 Gold Mining
16:14 Stone Mining
16:07 Horse Collar
20:21 Gold Shaft Mining
19:58 Bow Saw
19:50 Heavy Plow
20:57 Scale Mail Armor
21:07 Forging
31:15 Imperial Age
29:21 Wheelbarrow
28:31 Town Watch
28:39 Town Watch
30:42 Hand Cart
30:28 Town Patrol
30:37 Town Patrol
30:37 Gambesons
30:39 Arson
34:07 Crop Rotation
35:23 Conscription
35:13 Squires
37:33 Shield Wall
37:44 Elite Hearth Troop
39:14 Elite Varangian Guard
40:34 Iron Casting
40:14 Chain Mail Armor
42:37 Heated Shot
43:07 Ballistics
42:44 Murder Holes
42:59 Fortified Wall
43:21 Treadmill Crane
44:42 Chemistry
Connection lost

Rejoining the realm…

Still unreachable

The connection could not be restored.

Session expired

The server has moved on; the page needs a fresh start.